 Dungeon Crawl Stone Soup version 0.18.1-50-g88ac8fd (webtiles) character file.

51 RudyRod the Skirmisher (level 3, -1/34 HPs)
             Began as a Naga Fighter on Oct 11, 2016.
             Slain by Sigmund
             ... wielding a +0 scythe
              (4 damage)
             ... on level 2 of the Dungeon.
             The game lasted 00:05:47 (1731 turns).

RudyRod the Skirmisher (Naga Fighter)               Turns: 1731, Time: 00:05:47

Health: -1/34      AC:  7    Str: 19    XL:     3   Next: 81%
Magic:  3/3        EV:  3    Int:  8    God:
Gold:   60         SH:  9    Dex: 10    Spells: 0 memorised, 2 levels left

rFire  . . .     SeeInvis +     a - +0 flail
rCold  . . .     Gourm    .     o - +0 chain mail
rNeg   . . .     Faith    .     c - +0 shield
rPois  +         Spirit   .     (no helmet)
rElec  .         Dismiss  .     m - +0 cloak
rCorr  .         Reflect  .     (no gloves)
SustAt .         Harm     .     (no barding)
MR     .....                    (no amulet)
Stlth  ..........               (no ring)
                                (no ring)

@: very slow, not resistant to hostile enchantments, extremely unstealthy
A: see invisible, deformed body, poison resistance, slowness 2, slow metabolism
1, spit poison 2, AC +1
a: Spit Poison


You were on level 2 of the Dungeon.
You were not hungry.

You visited 1 branch of the dungeon, and saw 2 of its levels.

You collected 60 gold pieces.

Inventory:

Hand Weapons
 a - a +0 flail (weapon)
Armour
 b - a +0 scale mail
 c - a +0 shield (worn)
 m - a +0 cloak (worn)
 o - a +0 chain mail (worn)
Jewellery
 j - an uncursed ring of stealth {unknown}
Scrolls
 e - 2 scrolls of identify {unknown}
 h - a scroll of teleportation {unknown}
 i - a scroll of immolation {unknown}
 k - a scroll of magic mapping {unknown}
 l - a scroll of remove curse {unknown}
Potions
 g - a potion of degeneration {unknown}
 n - a potion of curing {unknown}
Comestibles
 f - a bread ration
 p - a slice of pizza


   Skills:
 + Level 3.3 Fighting
 + Level 2.0 Maces & Flails
 + Level 2.9 Armour
 + Level 0.5 Dodging
 * Level 0.9 Stealth
 + Level 3.0 Shields


You had 2 spell levels left.
You didn't know any spells.

Dungeon Overview and Level Annotations

Branches:
Dungeon (2/15)

Altars:

Annotations:
D:2 Sigmund, Terence


Innate Abilities, Weirdness & Mutations

You cannot wear boots.
Your serpentine skin is tough (AC +1).
You have supernaturally acute eyesight.
Armour fits poorly on your strangely shaped body.
Your system is resistant to poisons.
You cover ground very slowly.
You have a slow metabolism.
You can spit poison.


Message History

Sigmund casts a spell at you. The magic dart hits you!
You barely miss Sigmund. Sigmund hits you with a scythe!
* * * LOW HITPOINT WARNING * * *
You hit Sigmund.
Sigmund is lightly wounded.
Sigmund hits you with a scythe.
* * * LOW HITPOINT WARNING * * *
You hit Sigmund.
Sigmund is lightly wounded.
You block Sigmund's attack.
Terence screams, "I'm going to kill you!"
You closely miss Sigmund.
Sigmund is lightly wounded.
Sigmund barely misses you.
You sock Sigmund!
Sigmund is heavily wounded.
You block Sigmund's attack.
Sigmund hits you from afar with a scythe.
You die...

### # ..# #.
######.# #..
#@@)@..# #...
#.###.<#
#....##.###..#
#............#
##....#......#
#....#.###.##
#$.....# #.#
#...##.# ...
#... ... ..


You could see Sigmund (invisible) and Terence.

Vanquished Creatures
  An ooze (D:1)
  2 dart slugs (D:1)
  2 giant geckos (D:1)
  7 bats (D:1)
  3 giant cockroaches (D:1)
  6 goblins
  3 hobgoblins (D:1)
  4 jackals (D:1)
  2 kobolds (D:1)
  A giant newt (D:1)
  5 rats (D:1)
36 creatures vanquished.

Notes
Turn   | Place    | Note
--------------------------------------------------------------
     0 | D:1      | RudyRod the Naga Fighter began the quest for the Orb.
     0 | D:1      | Reached XP level 1. HP: 21/21 MP: 1/1
    54 | D:1      | Reached XP level 2. HP: 10/28 MP: 2/2
   463 | D:1      | Reached XP level 3. HP: 8/34 MP: 3/3
  1712 | D:2      | Noticed Sigmund
  1714 | D:2      | Noticed Terence
  1731 | D:2      | Slain by Sigmund

Skill      XL: |  1  2  3 |
---------------+----------+-----
Shields        | 3 |  3.0
Fighting       | |  3.3
Maces & Flails | |  2.0
Armour         | |  2.9
Dodging        | |  0.5
Stealth        | |  0.9

Action                   || total
-------------------------++-------
Melee: Flail             ||   147
  Use: Potion            ||     1
  Eat: Chunk             ||     2
Armor: Scale mail        ||   108
       Chain mail        ||    26
Dodge: Dodged            ||    47
Block: Shield            ||   135
